 Dungeon Crawl Stone Soup version 0.27.1-2-g3b301248ec (webtiles) character file.

Game seed: 14787193237630731848

2073 pkoi the Carver (level 9, 0/68 HPs)
             Began as a Minotaur Gladiator on Sept 24, 2021.
             Was an Initiate of Okawaru.
             Killed by divine providence
             ... invoked by an orc priest
              (17 damage)
             ... on level 7 of the Dungeon.
             The game lasted 00:09:23 (7729 turns).

pkoi the Carver (Minotaur Gladiator)                Turns: 7729, Time: 00:09:24

Health: 0/68       AC:  5    Str: 21    XL:     9   Next: 6%
Magic:  8/8        EV: 12    Int:  5    God:    Okawaru [......]
Gold:   286        SH:  0    Dex: 13    Spells: 8/8 levels left

rFire    . . .     SeeInvis .   f - +0 dagger (venom)
rCold    . . .     Faith    .   (no shield)
rNeg     . . .     Spirit   .   g - +0 leather armour
rPois    .         Reflect  .   c - +1 hat
rElec    .         Harm     .   l - +0 cloak
rCorr    .         Rampage  .   (no gloves)
Will     .....                  (no boots)
Stlth    +.........             (no amulet)
HPRegen  0.21/turn              o - ring of flight
MPRegen  0.11/turn              (no ring)

@: confused, lethally poisoned (0 -> -19), flying
A: horns 2, retaliatory headbutt, high mp 1
a: Renounce Religion


You were on level 7 of the Dungeon.
You worshipped Okawaru.
Okawaru was noncommittal.
You visited 1 branch of the dungeon, and saw 7 of its levels.

You collected 286 gold pieces.

Inventory:

Hand Weapons
 a - a +1 long sword of chaos
 b - a +0 shortbow
 f - a +0 dagger of venom (weapon)
Missiles
 d - 3 throwing nets
 k - 50 poisoned darts (quivered)
 n - 77 arrows
 u - a curare-tipped dart
Armour
 c - a +1 hat (worn)
 g - a +0 leather armour (worn)
 l - a +0 cloak (worn)
Jewellery
 h - a ring of ice
 o - a ring of flight (left hand)
Wands
 p - a wand of mindburst (10)
 s - a wand of iceblast (10)
Scrolls
 j - 5 scrolls of identify
 m - 3 scrolls of teleportation
 q - a scroll of enchant weapon
 t - a scroll of fear
Potions
 e - 3 potions of attraction
 i - 3 potions of brilliance
 r - a potion of heal wounds


   Skills:
 - Level 2.4 Fighting
 + Level 14.0 Long Blades
 - Level 2.0 Throwing
 - Level 3.2 Dodging


You had 8 spell levels left.
You didn't know any spells.
Your spell library contained the following spells:

 Spells                   Type           Power      Damage    Failure   Level
 Corpse Rot               Necr/Air       N/A        N/A       67%         2
 Dispel Undead            Necr           0%         3d6       99%         4
 Death Channel            Necr           0%         N/A       100%        6


Dungeon Overview and Level Annotations

Branches:
Dungeon (7/15)
 Temple: D:4-7

Altars:
Cheibriados
Dithmenos
Okawaru
Xom

Annotations:
D:5 3 runed translucent doors, shadowrider38's ghost, novice HOAr


Innate Abilities, Weirdness & Mutations

You have a pair of horns on your head.
You reflexively headbutt those who attack you in melee.
You have an increased reservoir of magic. (+10% MP)


Message History

The orc priest is poisoned.
Your headbutt misses the orc priest.
You feel sick.
The orc wizard points at you and mumbles some strange words.
The magic dart hits you.
The orc wizard hits you with a +0 dagger of venom.
You are more poisoned.
The orc wizard hits you but does no damage.
You're too confused to move!
You feel very sick.
The orc priest mumbles some strange prayers to Beogh against you.
You struggle to resist.
An orc comes into view. It is wielding a +0 flail.
The orc wizard gestures wildly while chanting.
The orc wizard flickers and vanishes!
Deactivating autopickup; reactivate with Ctrl-A.
The orc wizard casts a spell at you. The magic dart hits you.
The orc wizard hits you with a +0 dagger of venom.
You are more poisoned.
The orc wizard hits you with a staff of air.
* * * LOW HITPOINT WARNING * * *
Unknown command.
Unknown command.
You bump into the rock wall.
* * * LOW HITPOINT WARNING * * *
You feel extremely sick. The orc priest closely misses you.
The orc priest calls upon Beogh to heal the orc wizard.
The orc wizard is healed somewhat.
The orc wizard hits you with a +0 dagger.
* * * LOW HITPOINT WARNING * * *
The orc wizard hits you but does no damage.
The orc wizard misses you.
Unknown command.
Unknown command.
Unknown command.
* * * LOW HITPOINT WARNING * * *
You feel very sick.
The orc priest invokes the aid of Beogh against you.
Beogh smites you!
You die...

##......##.[....# #..#........
.......#####...# #..#.#..###.
.#.#..#.# #...# #........# #.
......#.# #...# #........# #.
.#....#.# #...# #..##.#..##..
...##.#.#####...#####..#..#..##..
. ...(...........#.##..##.. .
.........<...............
........@............##
##...o.o.#...........#
#.#ooo#.#...##.####.#
#Z.o#.######....# # .# #.<.....#
#.##.#.# .# #.#o..#.# #.##.#.# ##
#.......# #......# . #.#####.#
####.####. #. .># #......


You could see 2 orc priests, 3 orc wizards, 2 orcs and a howler monkey skeleton.

Vanquished Creatures
  A hornet (D:6)
  Sigmund (D:6)
  3 ice beasts
  2 sky beasts
  2 necrophages
  A black bear (D:7)
  2 centaurs
  A kobold brigand (D:7)
  A scorpion (D:2)
  A water moccasin skeleton (D:4)
  2 howler monkeys (D:5)
  A centaur zombie (D:7)
  3 hounds
  A jelly (D:5)
  3 bullfrog skeletons
  An orc wizard (D:7)
  2 iguanas
  2 killer bee zombies
  2 hound zombies (D:5)
  A howler monkey skeleton (D:4)
  9 adders
  3 gnolls (D:2)
  An ufetubus (D:5)
  An adder skeleton (D:5)
  2 worms
  4 dart slugs
  4 orcs
  5 endoplasms
  A giant cockroach (D:3)
  5 goblins
  6 hobgoblins
  2 jackals (D:3)
  2 quokkas (D:2)
  8 ball pythons
  8 bats
  3 frilled lizards
  12 kobolds
  3 rats
112 creatures vanquished.

Notes
Turn   | Place    | Note
-------+----------+-------------------------------------------
     0 | D:1      | pkoi the Minotaur Gladiator began the quest for the Orb.
     0 | D:1      | Reached XP level 1. HP: 18/18 MP: 0/0
   127 | D:1      | Reached skill level 4 in Long Blades
   181 | D:1      | Reached XP level 2. HP: 25/25 MP: 1/1
   491 | D:2      | Reached skill level 5 in Long Blades
   491 | D:2      | Reached XP level 3. HP: 21/30 MP: 2/2
  1383 | D:2      | Reached skill level 6 in Long Blades
  1383 | D:2      | Reached XP level 4. HP: 26/37 MP: 3/3
  1921 | D:3      | Noticed a scorpion
  1937 | D:2      | Gained mutation: You have an increased reservoir of magic.
                  | (+10% MP) [potion of mutation]
  1937 | D:2      | Killed a scorpion
  1938 | D:2      | Reached skill level 7 in Long Blades
  1938 | D:2      | Reached XP level 5. HP: 15/42 MP: 4/4
  2745 | D:4      | Reached skill level 8 in Long Blades
  2853 | D:4      | Reached XP level 6. HP: 41/50 MP: 5/5
  2907 | D:4      | Noticed an ice beast
  2915 | D:4      | Killed an ice beast
  3100 | D:4      | Reached skill level 9 in Long Blades
  3121 | D:4      | Noticed an ice beast
  3128 | D:4      | Killed an ice beast
  3650 | D:5      | Entered Level 5 of the Dungeon
  3696 | D:5      | Found a runed translucent gate.
  3697 | D:5      | Found a runed translucent gate.
  3697 | D:5      | Noticed a sky beast
  3698 | D:5      | Found a runed translucent gate.
  3700 | D:5      | Noticed shadowrider38's ghost (novice HOAr)
  3733 | D:5      | Reached XP level 7. HP: 39/56 MP: 6/6
  3971 | D:5      | Reached skill level 10 in Long Blades
  4465 | D:5      | Reached skill level 11 in Long Blades
  4586 | D:5      | Found a shimmering altar of Xom.
  4586 | D:5      | Found a shimmering altar of Xom.
  4587 | D:5      | Found a shimmering altar of Xom.
  4587 | D:5      | Found a shimmering altar of Xom.
  4587 | D:5      | Found a shimmering altar of Xom.
  5114 | D:6      | Noticed Sigmund
  5131 | D:6      | Killed Sigmund
  5132 | D:6      | Reached XP level 8. HP: 42/62 MP: 7/7
  5350 | D:6      | Noticed a hornet
  5357 | D:6      | Killed a hornet
  5357 | D:6      | HP: 1/62 [poisoned by a hornet]
  5358 | D:6      | Reached skill level 12 in Long Blades
  7022 | D:7      | Found an iron altar of Okawaru.
  7045 | D:7      | Reached skill level 13 in Long Blades
  7201 | D:7      | Found a shadowy altar of Dithmenos.
  7215 | D:7      | Became a worshipper of Warmaster Okawaru
  7422 | D:7      | Reached XP level 9. HP: 67/68 MP: 8/8
  7550 | D:7      | Found a snail-covered altar of Cheibriados.
  7597 | D:7      | Reached skill level 14 in Long Blades
  7729 | D:7      | Killed from afar by an orc priest

Illustrated notes

Levels and vault maps discovered:
D:1:      scummos_arrival_forest, layout_rooms
D:2:      layout_loops_cross
D:3:      layout_rooms, corexii_hall_statues_l, st_stairs_11
D:4:      layout_loops_ring
D:5:      layout_cave_pools, xom_redecorated, gammafunk_ghost_split
D:6:      layout_basic, uniq_sigmund
D:7:      layout_loops_cross, mainiacjoe_overflow_boulevard,
          mainiacjoe_overflow_catwalk_spiral, minmay_temple_entry_trees,
          minmay_a_box_with_orc_wizards_in_it

Skill      XL: |  1  2  3  4  5  6  7  8  9 |
---------------+----------------------------+-----
Long Blades    | 4 5 6 7 8 9 11 13 14 | 14.0
Fighting       | |  2.4
Throwing       | |  2.0
Dodging        | |  3.2

Action                   |  1- 3 |  4- 6 |  7- 9 || total
-------------------------+-------+-------+-------++-------
Melee: Long sword        |    60 |    66 |    60 ||   186
       Headbutt          |    13 |    25 |    35 ||    73
       Dagger            |       |    36 |    96 ||   132
Throw: Dart              |       |     4 |       ||     4
  Use: Potion            |       |     2 |     1 ||     3
       Scroll            |       |     1 |    12 ||    13
 Stab: Sleeping          |     1 |       |       ||     1
       Petrifying        |       |       |     3 ||     3
Armor: Leather armour    |    17 |    25 |    36 ||    78
Dodge: Dodged            |    46 |    59 |    80 ||   185
       Rpst.: Long sword |    17 |    14 |    10 ||    41
